 Dungeon Crawl Stone Soup version 0.27-a0-732-ga892ba84f6 (webtiles) character file.

Game seed: 4378234955209388613

1761 Hasart the Grave Robber (level 8, -1/52 HPs)
             Began as a Mummy Necromancer on Mar 23, 2021.
             Was a Follower of Ashenzari.
             Slain by a killer bee (8 damage)
             ... on level 7 of the Dungeon.
             The game lasted 00:26:28 (9982 turns).

Hasart the Grave Robber (Mummy Necromancer)         Turns: 9982, Time: 00:26:29

Health: -1/52      AC:  6    Str: 12    XL:     8   Next: 79%
Magic:  4/17       EV: 13    Int: 25    God:    Ashenzari [*.....]
Gold:   21         SH:  4    Dex: 12    Spells: 4/19 levels left

rFire    . . .     SeeInvis .   m - +2 dagger (venom)
rCold    . . .     Faith    .   d - +0 buckler
rNeg     + + +     Spirit   .   a - +0 robe
rPois    ∞         Reflect  .   x - +2 helmet of Ashenzari's Seeker {Int+3, Elem, Evo} (curse)
rElec    .         Harm     .   (no cloak)
rCorr    .         Rampage  .   c - +0 pair of gloves
Will     +....                  (no boots)
Stlth    ++........             (no amulet)
HPRegen  0.17/turn              o - ring "Cryptic Dismay" {Fire, Cun, Evo} (curse)
MPRegen  0.15/turn              p - +6 ring of intelligence

@: no status effects
A: cold resistance 1, negative energy resistance 3, torment resistance 2,
unbreathing 1, heat vulnerability 1, no potions
a: Renounce Religion, Shatter the Chains


You were on level 7 of the Dungeon.
You worshipped Ashenzari.
Ashenzari was aware of your devotion.
You visited 2 branches of the dungeon, and saw 8 of its levels.
You also visited: Sewer.

You collected 322 gold pieces.
You spent 301 gold pieces at shops.

Inventory:

Hand Weapons
 b - a +0 trident
 m - a +2 dagger of venom (weapon)
 n - a +2 short sword of draining
Armour
 a - a +0 robe (worn)
 c - a +0 pair of gloves (worn)
 d - a +0 buckler (worn)
 x - the cursed +2 helmet of Ashenzari's Seeker (worn) {Int+3, Elem, Evo}
   (You bought it in a shop on level 5 of the Dungeon)

   It has a curse which improves the following skills: Elements: Fire Magic, Ice
   Magic, Air Magic and Earth Magic.
   Evocations: Evocations.
Jewellery
 f - a ring of protection from fire
 o - the cursed ring "Cryptic Dismay" (right hand) {Fire, Cun, Evo}
   (You found it on level 3 of the Dungeon)

   [ring of fire]

   It enhances your fire magic.
   It protects you from fire.
   It makes you vulnerable to cold.
   It has a curse which improves the following skills: Cunning: Dodging and
   Stealth.
   Evocations: Evocations.
 p - a +6 ring of intelligence (left hand)
 u - a +6 ring of dexterity
 w - a ring of ice
Wands
 r - a wand of flame (18)
 t - a wand of digging (7)
Scrolls
 e - 5 scrolls of teleportation
 g - 2 scrolls of enchant weapon
 h - 2 scrolls of magic mapping
 i - 7 scrolls of identify
 j - 2 scrolls of blinking
 l - a scroll of fog
 q - 2 scrolls of fear
 s - a scroll of torment
 v - a scroll of summoning


   Skills:
 - Level 4.2(5.1) Dodging
 - Level 1.5(2.3) Stealth
 + Level 3.6 Shields
 + Level 6.2 Spellcasting
 + Level 3.1 Summonings
 * Level 7.9 Necromancy


You had 4 spell levels left.
You knew the following spells:

 Your Spells              Type           Power      Damage    Failure   Level
a - Pain                  Necr           100%       1d9       1%          1
b - Animate Dead          Necr           23%        N/A       2%          4
c - Vampiric Draining     Necr           23%        2d9       1%          3
d - Call Canine Familiar  Summ           23%        N/A       6%          3
e - Dispel Undead         Necr           47%        3d18      2%          4

Your spell library contained the following spells:

 Spells                   Type           Power      Damage    Failure   Level
 Animate Skeleton         Necr           94%        N/A       1%          1
 Summon Small Mammal      Summ           92%        N/A       2%          1
 Call Imp                 Summ           23%        N/A       3%          2
 Summon Guardian Golem    Hex/Summ       15%        N/A       12%         3
 Inner Flame              Hex/Fire       12%        N/A       22%         3
 Summon Ice Beast         Ice/Summ       15%        N/A       36%         4
 Summon Lightning Spire   Summ/Air       15%        N/A       36%         4
 Agony                    Necr           47%        N/A       8%          5
 Death Channel            Necr           23%        N/A       41%         6


Dungeon Overview and Level Annotations

Branches:
Dungeon (7/15)             Temple (1/1) D:4           Sewer (visited)

Altars:
Ashenzari
Cheibriados
Dithmenos
Elyvilon
Fedhas
Gozag
Hepliaklqana
Kikubaaqudgha
Makhleb
Nemelex Xobeh
Okawaru
Ru
Sif Muna
Trog
Vehumet
Wu Jian
Xom
Yredelemnul
Zin
The Shining One
Beogh

Shops:
D:5 [

Annotations:
D:7 Joseph


Innate Abilities, Weirdness & Mutations

You are immune to poison.
Your flesh is cold resistant. (rC+)
You are immune to negative energy. (rN+++)
You are immune to unholy pain and torment.
You can survive without breathing.
You are vulnerable to heat. (rF-)
You do not drink.


Message History

The killer bee misses you. The killer bee stings you.
Casting: Pain (safe; 1% risk of failure)
Confirm with . or Enter, or press ? or * to list all spells.
Aiming: Pain (safe; 1% risk of failure)
Press: ? - help, Shift-Dir - straight line, f/p - killer bee
Aim: a killer bee (almost dead, chance to affect: 89%)
The killer bee writhes in agony.
You kill the killer bee!
The killer bee stings you.
Joseph unwields a +0 quarterstaff.
Joseph wields a +0 hunting sling.
Joseph shoots a sling bullet.
The sling bullet hits you!
The killer bee stings you but does no damage.
The killer bee stings you.
Casting: Pain (safe; 1% risk of failure)
Confirm with . or Enter, or press ? or * to list all spells.
Aiming: Pain (safe; 1% risk of failure)
Press: ? - help, Shift-Dir - straight line, f - killer bee
Aim: a killer bee (chance to affect: 89%)
The killer bee writhes in agony.
The killer bee closely misses you. The killer bee stings you!
* * * LOW HITPOINT WARNING * * *
You block the killer bee's attack. x2
Casting: Pain (safe; 1% risk of failure)
Confirm with . or Enter, or press ? or * to list all spells.
Aiming: Pain (safe; 1% risk of failure)
Press: ? - help, Shift-Dir - straight line, f/p - killer bee
Aim: a killer bee (lightly wounded, chance to affect: 89%)
The killer bee writhes in agony.
The killer bee closely misses you. The killer bee stings you!
* * * LOW HITPOINT WARNING * * *
The killer bee barely misses you. The killer bee stings you.
* * * LOW HITPOINT WARNING * * *
Casting: Pain (safe; 1% risk of failure)
Confirm with . or Enter, or press ? or * to list all spells.
Aiming: Pain (safe; 1% risk of failure)
Press: ? - help, Shift-Dir - straight line, f/p - killer bee
Aim: a killer bee (moderately wounded, chance to affect: 89%)
The killer bee writhes in agony!
You block the killer bee's attack. The killer bee misses you.
The killer bee stings you!
You die...

.
..###############
.................
.................
.......<.$.......
.................
#######.@..######
#yy..# #....#
#...)# #..@.#
#....# #....#
#.....


You could see Joseph and 2 killer bees.

Vanquished Creatures
  An ice beast (D:7)
  A sky beast (D:6)
  Purgy (Sewer)
  3 ogres
  A phantom (D:4)
  A bullfrog (D:6)
  A jelly (D:7)
  A killer bee (D:7)
  A wight (D:4)
  A howler monkey (D:6)
  4 hounds
  An orc priest (D:6)
  7 worker ants
  3 iguanas
  6 orc wizards
  Natasha (thrice) (D:2)
  Terence (D:3)
  A gnoll (D:6)
  6 adders
  An adder skeleton (D:5)
  3 worms
  25 orcs
  4 ball pythons
  7 bats
  6 giant cockroaches
  2 hobgoblins
  8 kobolds
  4 oozes
  6 quokkas
  4 frilled lizards
  4 goblins
  5 rats
123 creatures vanquished.

Vanquished Creatures (collateral kills)
  An ogre (D:4)
  A phantom (D:5)
  2 wights (D:4)
  A hound zombie (D:5)
5 creatures vanquished.

Vanquished Creatures (others)
  5 plants (D:5)
5 creatures vanquished.

Grand Total: 133 creatures vanquished

Notes
Turn   | Place    | Note
-------+----------+-------------------------------------------
     0 | D:1      | Hasart the Mummy Necromancer began the quest for the Orb.
     0 | D:1      | Reached XP level 1. HP: 13/13 MP: 4/4
   495 | D:1      | Reached XP level 2. HP: 19/19 MP: 2/5
  1120 | D:2      | Noticed Natasha
  1125 | D:2      | Killed Natasha
  1126 | D:2      | Reached XP level 3. HP: 24/24 MP: 1/7
  1350 | D:2      | Reached skill level 1 in Shields
  1513 | D:2      | Found a basalt altar of Yredelemnul.
  1514 | D:2      | Noticed Natasha
  1521 | D:2      | Killed Natasha
  1522 | D:2      | Reached XP level 4. HP: 30/30 MP: 3/9
  2034 | D:2      | Noticed Natasha
  2038 | D:2      | Killed Natasha
  2039 | D:2      | Reached skill level 5 in Necromancy
  2098 | D:2      | Found an ornate altar of the Wu Jian Council.
  2352 | D:3      | Learned a level 4 spell: Animate Dead
  2356 | D:3      | Learned a level 3 spell: Vampiric Draining
  2519 | D:2      | Reached XP level 5. HP: 24/35 MP: 0/10
  2676 | D:3      | Noticed Terence
  2702 | D:3      | Killed Terence
  3000 | D:3      | Learned a level 3 spell: Call Canine Familiar
  3955 | D:4      | Reached XP level 6. HP: 37/41 MP: 9/12
  4177 | D:4      | Reached skill level 1 in Summonings
  4309 | D:4      | Reached skill level 6 in Necromancy
  4502 | D:4      | Reached XP level 7. HP: 46/46 MP: 9/13
  4725 | D:4      | Found a staircase to the Ecumenical Temple.
  4735 | Temple   | Entered the Ecumenical Temple
  4823 | Temple   | Became a worshipper of Ashenzari the Shackled
  4823 | Temple   | Identified a scroll of acquirement
  5605 | D:4      | Noticed a nameless horror
  5743 | D:4      | Found a hazy altar of Hepliaklqana.
  6091 | D:5      | Entered Level 5 of the Dungeon
  6125 | D:5      | Found a glowing drain.
  6140 | D:5      | Reached skill level 5 in Spellcasting
  6144 | Sewer    | Entered a sewer
  6279 | Sewer    | Noticed Purgy
  6302 | Sewer    | Killed Purgy
  6680 | D:5      | Acquired Koedekhe's Grimoire of Necromancy and Bewitchment
  6688 | D:5      | Learned a level 4 spell: Dispel Undead
  6714 | D:5      | Found Aptotoc's Armour Emporium.
  6985 | D:5      | Reached XP level 8. HP: 5/52 MP: 13/16
  7427 | D:5      | Reached skill level 7 in Necromancy
  7802 | D:6      | Found a runed translucent door.
  7816 | D:6      | Found a burning altar of Makhleb.
  9066 | D:7      | Noticed Joseph
  9850 | D:5      | Bought a +2 helmet of intelligence for 301 gold pieces
  9862 | D:5      | Reached * piety under Ashenzari
  9982 | D:7      | Slain by a killer bee

Illustrated notes

Levels and vault maps discovered:
D:1:      dpeg_arrival_rhombus, layout_rooms, serial_bayou, serial_bayou_lake_a,
          serial_bayou_pond_c, serial_bayou_pond_e, serial_bayou_pond_d
D:2:      layout_loops_ring, lemuel_round_altar,
          pdpol_wu_jian_five_deadly_venoms, uniq_natasha
D:3:      layout_basic, serial_park_tiny_2, uniq_terence
D:4:      layout_basic, minmay_temple_entry_drinking_statues,
          nrook_loot_triangle, minmay_ruined_shrine
D:5:      layout_cave_pods, serial_shops, shop, portal_sewer_entry_f,
          serial_bayou_pond_c
D:6:      layout_cave_pools, nicolae_overflow_hidden_temple,
          lightli_church_of_beogh
D:7:      layout_gridville, nicolae_qazlal_style_of_elements, uniq_joseph,
          uniq_menkaure, uniq_prince_ribbit1
Temple:   eino_narrow_crystal_temple

Skill      XL: |  1  2  3  4  5  6  7  8 |
---------------+-------------------------+-----
Spellcasting   | 3 4 5 6 |  6.2
Dodging        | 2 3 4 |  4.2
Shields        | 1 2 3 |  3.6
Necromancy     | 5 6 7 |  7.9
Summonings     | 1 2 3 |  3.1
Stealth        | |  1.5

Action                   |  1- 3 |  4- 6 |  7- 9 || total
-------------------------+-------+-------+-------++-------
Melee: Dagger            |       |    18 |    95 ||   113
 Cast: Pain              |    63 |   117 |   166 ||   346
       Call Canine Famil |       |       |    23 ||    23
       Animate Dead      |       |       |     1 ||     1
Invok: Curse Item        |       |       |     2 ||     2
  Use: Scroll            |       |       |     1 ||     1
 Stab: Sleeping          |       |     1 |     2 ||     3
Armor: Robe              |     1 |     5 |    22 ||    28
Dodge: Dodged            |    13 |    36 |   103 ||   152
Block: Buckler           |       |     5 |    33 ||    38

Table legend: (Time is in decaauts)
 A = Elapsed time spent in this place.
 B = Non-inter-level travel time spent in this place.
 C = Inter-level travel time spent in this place.
 D = Time resting spent in this place.
 E = Time spent auto-exploring this place.
 F = Levels seen in this place.
 G = Mean time per level.
                   A        B        C        D        E       F      G
               +--------+--------+--------+--------+--------+-----+--------+
         Total |  10106 |   9620 |    486 |   1018 |   7077 |   9 | 1122.9 |
       Dungeon |   9514 |   9043 |    471 |    940 |   6667 |   7 | 1359.1 |
        Temple |    103 |     88 |     15 |      0 |     82 |   1 |  103.0 |
         Sewer |    488 |    488 |      0 |     78 |    328 |   1 |  488.0 |
               +--------+--------+--------+--------+--------+-----+--------+

Top non-repeatable levels by time:
     D:4: 1891 daAuts
     D:3: 1732 daAuts
     D:6: 1474 daAuts
     D:2: 1385 daAuts
     D:5: 1377 daAuts
     D:1: 1033 daAuts
     D:7: 618 daAuts
   Sewer: 488 daAuts
  Temple: 103 daAuts
